 Dungeon Crawl Stone Soup version 0.29-a0-837-g174bc33265 (webtiles) character file.

Game seed: 5195637132933793639

81 Ijustatesigmund the Firebug (level 4, 0/33 HPs)
             Began as a Hill Orc Fire Elementalist on July 13, 2022.
             Slain by Terence
             ... wielding a +0 hand axe
              (7 damage)
             ... on level 2 of the Dungeon.
             The game lasted 00:03:29 (2386 turns).

Ijustatesigmund the Firebug (HOFE)                  Turns: 2386, Time: 00:03:30

Health: 0/33       AC:  3    Str: 10    XL:     4   Next: 40%
Magic:  4/6        EV: 12    Int: 17    God:
Gold:   55         SH:  0    Dex: 11    Spells: 3/6 levels left

rFire   . . .      SeeInvis .   c - +0 mace
rCold   . . .      Faith    .   (no shield)
rNeg    . . .      Spirit   .   a - +0 robe
rPois   .          Reflect  .   e - +0 helmet
rElec   .          Harm     .   (no cloak)
rCorr   .          Rampage  .   (no gloves)
Will    .....                   (no boots)
Stlth   ++........              (no amulet)
HPRegen 0.11/turn               (no ring)
MPRegen 0.10/turn               (no ring)

@: no status effects
A: subdued magic 1
a: no special abilities


You were on level 2 of the Dungeon.
You visited 1 branch of the dungeon, and saw 2 of its levels.

You collected 55 gold pieces.

Inventory:

Hand Weapons
 c - a +0 mace (weapon)
Armour
 a - a +0 robe (worn)
 e - a +0 helmet (worn)
Jewellery
 f - a ring of ice
Scrolls
 g - a scroll of enchant weapon {unknown}


   Skills:
 - Level 1.5 Dodging
 - Level 1.5 Stealth
 - Level 1.5 Spellcasting
 + Level 2.2 Conjurations
 + Level 5.1 Fire Magic


You had 3 spell levels left.
You knew the following spells:

 Your Spells              Type           Power      Damage    Failure   Level
a - Foxfire               Conj/Fire      40%        2x1d6     3%          1
b - Scorch                Fire           28%        2d6       2%          2

Your spell library contained the following spells:

 Spells                   Type           Power      Damage    Failure   Level
 Magic Dart               Conj           24%        1d4       7%          1
 Conjure Flame            Conj/Fire      10%        6-21      12%         3
 Inner Flame              Hex/Fire       7%         N/A       19%         3
 Call Imp                 Summ           1%         N/A       26%         2
 Mephitic Cloud           Conj/Pois/Air  2%         N/A       36%         3
 Flame Wave               Conj/Fire      10%        2d5       36%         4


Dungeon Overview and Level Annotations

Branches:
Dungeon (2/15)

Altars:

Annotations:
D:2 Terence


Innate Abilities, Weirdness & Mutations

Your spells are a little easier to cast, but a little less powerful.


Message History

Confirm with . or Enter, or press ? or * to list all spells.
You conjure some foxfire!
Terence is no longer more vulnerable to fire.
Terence shouts, "ATTACK!!!"
Terence hits you with a +0 hand axe. Terence closely misses you.
The foxfire hits Terence but does no damage.
Terence is moderately wounded.
Terence hits you with a +0 hand axe.
Casting: Foxfire (safe; 4% risk of failure)
Confirm with . or Enter, or press ? or * to list all spells.
Flames lash the adder.
The adder is severely wounded.
The adder's fire resistance burns away.
Terence hits you with a +0 hand axe.
* * * LOW HITPOINT WARNING * * *
Terence closely misses you. Terence hits you but does no damage.
You feel better. Terence barely misses you.
Terence hits you with a +0 hand axe!
* * * LOW HITPOINT WARNING * * *
It was a potion of mutation.
You feel extremely strange.
Your connection to magic feels subdued.
Terence misses you.
Casting: Scorch (safe; 2% risk of failure)
Confirm with . or Enter, or press ? or * to list all spells.
You conjure some foxfire!
The adder is no longer more vulnerable to fire.
Terence completely misses you. Terence misses you.
The foxfire hits Terence.
Terence is moderately wounded.
Terence closely misses you.
Your foxfire dissipates!
Terence closely misses you. Magic courses through your body.
Terence hits you with a +0 hand axe.
* * * LOW HITPOINT WARNING * * *
Casting: Foxfire (safe; 3% risk of failure)
Confirm with . or Enter, or press ? or * to list all spells.
Flames lash the adder.
You kill the adder!
Terence hits you with a +0 hand axe!
You die...

...............................##
.###.#........#..###.##.#.##.#.##
#.............................
#..........#.#.....#.####.#.##
#..........#.#.....#.# #.#.##
#..........#.#.....#.# #.#.##
............#.#.....#.# #.#.##
........................ ......
.##.#..........@........ #.#...
#.#.###...###@#.#..... #.#.## #.
#...# #.#ยง#.....# #.#.# . .....+
... ###...#..... ###.#......
........ #.##.#.#.# #. #.#.#.#


You could see Terence (fast).

Vanquished Creatures
  Jessica (D:2)
  2 adders (D:2)
  2 worms (D:2)
  A dart slug (D:1)
  4 ball pythons
  5 endoplasms
  2 goblins
  3 hobgoblins (D:2)
  2 quokkas
  5 bats
  2 frilled lizards (D:1)
  5 kobolds
  3 rats
37 creatures vanquished.

Vanquished Creatures (others)
  142 foxfires
142 creatures vanquished.

Grand Total: 179 creatures vanquished

Notes
Turn   | Place    | Note
-------+----------+-------------------------------------------
     0 | D:1      | Ijustatesigmund the Hill Orc Fire Elementalist began the
                  | quest for the Orb.
     0 | D:1      | Reached XP level 1. HP: 14/14 MP: 3/3
   438 | D:1      | Reached XP level 2. HP: 20/20 MP: 2/4
   517 | D:1      | Reached skill level 4 in Fire Magic
   552 | D:1      | Learned a level 2 spell: Scorch
  1396 | D:2      | Found a faded altar of an unknown god.
  1476 | D:2      | Reached XP level 3. HP: 26/26 MP: 2/5
  1744 | D:2      | Noticed Jessica
  1748 | D:2      | Killed Jessica
  1859 | D:2      | Reached skill level 5 in Fire Magic
  1859 | D:2      | Reached XP level 4. HP: 33/33 MP: 2/6
  2371 | D:2      | Noticed Terence
  2381 | D:2      | Gained mutation: Your spells are a little easier to cast,
                  | but a little less powerful. [potion of mutation]
  2386 | D:2      | Slain by Terence

Illustrated notes

Levels and vault maps discovered:
D:1:      lemuel_arrival_hallway, layout_basic
D:2:      layout_basic, ebering_ecumenical_altar_abandoned,
          grunt_decor_one_mirror, uniq_jessica, uniq_terence

Skill      XL: |  1  2  3 |
---------------+----------+-----
Fire Magic     | 4 5 |  5.1
Conjurations   | 2 |  2.2
Dodging        | |  1.5
Stealth        | |  1.5
Spellcasting   | |  1.5

Action                   |  1- 3 |  4- 6 || total
-------------------------+-------+-------++-------
Melee: Mace              |    10 |       ||    10
 Cast: Foxfire           |    62 |    30 ||    92
       Scorch            |       |     3 ||     3
  Use: Scroll            |     3 |       ||     3
       Potion            |     1 |     3 ||     4
Armor: Robe              |     9 |     1 ||    10
Dodge: Dodged            |    21 |     9 ||    30

Table legend: (Time is in decaauts)
 A = Elapsed time spent in this place.
 B = Non-inter-level travel time spent in this place.
 C = Inter-level travel time spent in this place.
 D = Time resting spent in this place.
 E = Time spent auto-exploring this place.
 F = Levels seen in this place.
 G = Mean time per level.
                   A        B        C        D        E       F      G
               +--------+--------+--------+--------+--------+-----+--------+
         Total |   2388 |   2319 |     69 |    413 |   1586 |   2 | 1194.0 |
       Dungeon |   2388 |   2319 |     69 |    413 |   1586 |   2 | 1194.0 |
               +--------+--------+--------+--------+--------+-----+--------+

Top non-repeatable levels by time:
     D:1: 1393 daAuts
     D:2: 995 daAuts
